 Dungeon Crawl Stone Soup version 0.29.0-15-g675c0067aa (webtiles) character file.

Game seed: 12597191246652733360

315 qw the Shield-Bearer (level 6, -2/37 HPs)
             Began as a Gargoyle Fighter on Sept 11, 2022.
             Killed by nerve-wracking pain
             ... invoked by an orc priest
              (5 damage)
             ... on level 4 of the Dungeon.
             The game lasted 00:01:24 (3594 turns).

qw the Shield-Bearer (Gargoyle Fighter)             Turns: 3594, Time: 00:01:25

Health: -2/37      AC: 12    Str: 22    XL:     6   Next: 44%
Magic:  6/6        EV:  6    Int:  8    God:
Gold:   226        SH: 13    Dex:  9    Spells: 5/5 levels left

rFire   . . .      SeeInvis .   Y - +1 war axe
rCold   . . .      Faith    .   n - +0 tower shield
rNeg    + . .      Spirit   .   b - +0 scale mail
rPois   inf        Reflect  .   (no helmet)
rElec   +          Harm     .   (no cloak)
rCorr   .          Rampage  .   (no gloves)
Will    .....                   h - +0 pair of boots
Stlth   ..........              g - amulet of the acrobat
HPRegen 0.12/turn               (no ring)
MPRegen 0.10/turn               (no ring)

@: no status effects
A: sickness immunity, AC +4, negative energy resistance 1, electricity
resistance, torment resistance 1, petrification resistance
a: no special abilities


You were on level 4 of the Dungeon.
You visited 1 branch of the dungeon, and saw 4 of its levels.

You collected 226 gold pieces.


Innate Abilities, Weirdness & Mutations

You are immune to sickness and miasma.
Your stone body is resilient. (AC +4)
You are immune to poison.
You resist negative energy. (rN+)
You are resistant to electric shocks. (rElec)
You are resistant to unholy torment.
You are immune to petrification.


   Skills:
 - Level 3.2 Fighting
 - Level 3.2 Axes
 - Level 3.2 Armour
 + Level 6.9 Shields


You had 5 spell levels left.
You didn't know any spells.
Your spell library was empty.

Inventory:

Hand Weapons
 e - a +0 club
 Y - a +1 war axe (weapon)
Armour
 b - a +0 scale mail (worn)
 h - a +0 pair of boots (worn)
 i - a +0 chain mail
 n - a +0 tower shield (worn)
Jewellery
 f - a ring of flight
 g - an amulet of the acrobat (around neck)
Scrolls
 m - 2 scrolls of blinking {unknown}
Potions
 c - a potion of haste {unknown}
 d - 3 potions of might
 j - a potion of attraction
 k - 3 potions of curing
 l - a potion of berserk rage {unknown}

Dungeon Overview and Level Annotations

Branches:
Dungeon (4/15)
 Temple: D:4-7

Altars:
Ru

Annotations:
D:3 2 transporters, qw's ghost, weakling GrDe


Message History

The orc priest is moderately wounded.
The orc priest casts a cantrip, but nothing happens.
You slash the orc priest!
The orc priest is almost dead.
The orc priest barely misses you.
The orc priest calls down the wrath of Beogh upon you.
Beogh smites you!
3587 ||| READING scroll of teleportation.
As you read the scroll of teleportation, it crumbles to dust.
You feel strangely unstable.
The orc priest mumbles some strange prayers to Beogh against you.
Pain shoots through your body!
You hit the orc priest.
You kill the orc priest!
You start resting.
Your surroundings suddenly seem different.
An orc and an orc priest come into view.
Found a scroll of identify.
The orc shouts!
The orc priest shouts!
An orc priest comes into view.
It is wielding a +0 war axe. 2 orc priests come into view.
The orc priest shouts!
You hear a shout!
The orc priest moves out of view.
You slash the orc priest!
The orc priest is heavily wounded.
The orc priest hits you with a +0 club.
You slash the orc priest!
You kill the orc priest!
You hit the orc. You block the orc's attack.
The orc priest calls upon Beogh to heal the orc.
The orc's wounds heal themselves!
You block the orc's attack.
You hit the orc priest.
The orc priest is moderately wounded.
You hit the orc.
You kill the orc!
You block the orc priest's attack.
The orc priest mumbles some strange prayers to Beogh against you.
Pain shoots through your body!
You die...

#####.##### #.>.# #.###.....
..........#
#...#######.........
###..###..#
#.........#.#.##.... #
#..###..############.#.#.......
# #..#......###### #.#.####.###
#..#.#..#.##...## ##.#.####.#
#..#.#..#.#.....###.........#
#.......#..............######
####)######...@.###...##
#.......# ##.)o#.....##
#.##.##.# ##o#.####.###### #
#.# # #o ###........# #. #.# #
.. #.#>.#.#.# #.##.##.## ..?
#.#..#.#.# #........# ...
#.#....#.# ###..###.##...
#.##.#.#.# #...##.# #.#......#


You could see 3 orc priests.

Vanquished Creatures
  A scorpion (D:4)
  2 orc priests (D:4)
  2 iguanas
  Ijyb (D:3)
  2 adders (D:3)
  2 worms
  A dart slug (D:2)
  5 orcs (D:4)
  10 endoplasms
  4 giant cockroaches
  11 hobgoblins
  9 jackals
  2 quokkas
  5 ball pythons
  5 bats
  4 frilled lizards
  10 goblins
  7 kobolds
  4 rats
  A spectral goblin (D:1)
88 creatures vanquished.

Vanquished Creatures (others)
  6 plants (D:3)
6 creatures vanquished.

Grand Total: 94 creatures vanquished

Notes
Turn   | Place    | Note
-------+----------+-------------------------------------------
     0 | D:1      | qw the Gargoyle Fighter began the quest for the Orb.
     0 | D:1      | Reached XP level 1. HP: 14/14 MP: 1/1
     0 | D:1      | 0 ||| qw: Version: 0.1-a-119-g272c26d
     0 | D:1      | 0 ||| qw: Game counter: 10630
     0 | D:1      | 0 ||| qw: Always use a shield: true
     0 | D:1      | 0 ||| qw: God list: Okawaru
     0 | D:1      | 0 ||| qw: Allow faded altars: false
     0 | D:1      | 0 ||| qw: Do Orc after D:15 true
     0 | D:1      | 0 ||| qw: Do second Lair branch before Depths: true
     0 | D:1      | 0 ||| qw: Lair rune preference: random
     0 | D:1      | 0 ||| qw: Plans: Normal, Zot, God:TSO, Crypt, Tomb, Zig,
                  | Orb
     0 | D:1      | 0 ||| PLANNING D:1-11
   205 | D:1      | Reached XP level 2. HP: 19/19 MP: 2/2
   261 | D:1      | Found a faded altar of an unknown god.
   263 | D:1      | 263 ||| Stepping ~*~*~tactically~*~*~ (water).
   344 | D:1      | 344 ||| Stepping ~*~*~tactically~*~*~ (stealth).
   458 | D:1      | 458 ||| Stepping ~*~*~tactically~*~*~ (stealth).
   462 | D:1      | Reached skill level 3 in Axes
   500 | D:1      | 500 ||| Stepping ~*~*~tactically~*~*~ (stealth).
   501 | D:1      | 501 ||| Stepping ~*~*~tactically~*~*~ (stealth).
   531 | D:1      | Reached XP level 3. HP: 23/23 MP: 3/3
   581 | D:1      | 581 ||| Stepping ~*~*~tactically~*~*~ (stealth).
   582 | D:1      | 582 ||| Stepping ~*~*~tactically~*~*~ (stealth).
   583 | D:1      | 583 ||| Stepping ~*~*~tactically~*~*~ (stealth).
   585 | D:1      | 585 ||| Stepping ~*~*~tactically~*~*~ (stealth).
   586 | D:1      | 586 ||| Stepping ~*~*~tactically~*~*~ (stealth).
   747 | D:1      | 747 ||| UPGRADING to +0 tower shield.
   757 | D:1      | 757 ||| DROPPING +0 buckler.
   758 | D:1      | 758 ||| READING scroll labelled MIRRAO OREK.
   762 | D:1      | 762 ||| READING scroll labelled QONOAC BAITSAE.
   763 | D:1      | 763 ||| READING scroll labelled IVOURCH ZAEHAA.
   764 | D:1      | 764 ||| READING scroll labelled KUSANE JITI.
  1152 | D:2      | 1152 ||| Stepping ~*~*~tactically~*~*~ (stealth).
  1159 | D:2      | 1159 ||| Stepping ~*~*~tactically~*~*~ (stealth).
  1165 | D:2      | 1165 ||| Stepping ~*~*~tactically~*~*~ (hiding).
  1166 | D:2      | 1166 ||| Stepping ~*~*~tactically~*~*~ (hiding).
  1402 | D:2      | Reached skill level 4 in Shields
  1446 | D:2      | Reached XP level 4. HP: 28/28 MP: 4/4
  1932 | D:2      | 1932 ||| UPGRADING to +0 pair of boots.
  1937 | D:2      | 1937 ||| UPGRADING to amulet of the acrobat.
  1942 | D:2      | 1942 ||| READING scroll labelled FAZ DUT ETE.
  1943 | D:2      | 1943 ||| READING scroll labelled AXIOSO UCOODY.
  1944 | D:2      | 1944 ||| READING scroll labelled GEASMA OSCHOSS.
  1945 | D:2      | 1945 ||| READING scroll labelled RUFONW ZYID.
  1946 | D:2      | 1946 ||| DRINKING 4 fuming sapphire potions.
  1947 | D:2      | 1947 ||| DRINKING 2 bubbling cyan potions.
  1948 | D:2      | 1948 ||| DRINKING 2 grey potions.
  1949 | D:2      | 1949 ||| DROPPING 3 potions of brilliance.
  2069 | D:3      | 2069 ||| Stepping ~*~*~tactically~*~*~ (stealth).
  2180 | D:3      | Found a sacrificial altar of Ru.
  2190 | D:3      | 2190 ||| Stepping ~*~*~tactically~*~*~ (stealth).
  2192 | D:3      | 2192 ||| Stepping ~*~*~tactically~*~*~ (stealth).
  2217 | D:3      | Noticed Ijyb
  2218 | D:3      | 2218 ||| Stepping ~*~*~tactically~*~*~ (hiding).
  2228 | D:3      | HP: 6/28 [Ijyb/+0 club (4)]
  2229 | D:3      | Killed Ijyb
  2607 | D:3      | Reached skill level 5 in Shields
  2607 | D:3      | Reached XP level 5. HP: 32/32 MP: 5/5
  2737 | D:3      | Identified the +0 robe of Atheism {Rampage Drain Dex+4
                  | Stlth+}
  2833 | D:3      | Found a transporter.
  2834 | D:3      | Found a transporter.
  2859 | D:3      | 2859 ||| DRINKING 2 fuming grey potions.
  2876 | D:4      | 2876 ||| STAIRDANCE
  3001 | D:4      | 3001 ||| STAIRDANCE
  3025 | D:3      | Noticed qw's ghost (weakling GrDe)
  3047 | D:4      | 3047 ||| STAIRDANCE
  3053 | D:4      | 3053 ||| STAIRDANCE
  3067 | D:4      | 3067 ||| STAIRDANCE
  3095 | D:4      | 3095 ||| Stepping ~*~*~tactically~*~*~ (stealth).
  3096 | D:4      | 3096 ||| Stepping ~*~*~tactically~*~*~ (stealth).
  3319 | D:4      | Noticed a sky beast
  3340 | D:4      | HP: 8/32 [something (1)]
  3350 | D:4      | 3350 ||| READING scroll of teleportation.
  3351 | D:4      | 3351 ||| DRINKING potion of heal wounds.
  3429 | D:4      | Reached skill level 6 in Shields
  3429 | D:4      | Reached XP level 6. HP: 27/37 MP: 6/6
  3561 | D:4      | 3561 ||| Stepping ~*~*~tactically~*~*~ (hiding).
  3586 | D:4      | HP: 9/37 [orc priest/divine providence (14)]
  3587 | D:4      | 3587 ||| READING scroll of teleportation.
  3587 | D:4      | HP: 2/37 [orc priest/nerve-wracking pain (7)]
  3592 | D:4      | HP: 2/37 [orc priest/+0 club (1)]
  3594 | D:4      | Killed from afar by an orc priest

Levels and vault maps discovered:
D:1:      dpeg_arrival_oval, layout_loops_ring,
          dreamdust_ecumenical_altar_drowned_temple, minmay_misc_feat_diagonals,
          kennysheep_flooded_box
D:2:      minmay_recursive_quarters, layout_basic, nrook_campfire,
          minmay_pentomino_p4
D:3:      layout_loops_ring, nicolae_ru_sacrificial_ziggurat,
          gammafunk_ghost_gnarly_gnolls, nrook_mini_backslash, uniq_ijyb
D:4:      layout_loops_cross, grunt_ministairs_1

Skill      XL: |  1  2  3  4  5 |
---------------+----------------+-----
Axes           | 2 3 |  3.2
Shields        | 4 5 6 |  6.9
Fighting       | |  3.2
Armour         | |  3.2

Action                   |  1- 3 |  4- 6 || total
-------------------------+-------+-------++-------
Melee: War axe           |   102 |   168 ||   270
  Use: Scroll            |     4 |     6 ||    10
       Potion            |       |     5 ||     5
Armor: Scale mail        |    55 |    87 ||   142
Dodge: Dodged            |    20 |    37 ||    57
Block: Buckler           |     8 |       ||     8
       Tower shield      |    40 |   131 ||   171

Table legend:
 A = Non-vault XP
 B = Vault XP
 C = Vault XP percentage of total XP
 D = Non-vault monster count
 E = Vault monster count
 F = Vault count percentage of total count
                 A         B        C        D         E       F
            +---------+---------+-------+---------+---------+-------
      Total |     390 |      64 |  14.1 |      73 |      15 |  17.0
            +---------+---------+-------+---------+---------+-------
        D:1 |      41 |       1 |   2.4 |      25 |       1 |   3.8
        D:2 |      18 |      26 |  59.1 |      12 |      11 |  47.8
        D:3 |      96 |      35 |  26.7 |      20 |       2 |   9.1
        D:4 |     235 |       2 |   0.8 |      16 |       1 |   5.9
            +---------+---------+-------+---------+---------+-------
